 Dungeon Crawl Stone Soup version 0.19-a0-1099-g481dbaa (webtiles) character file.

646 DarthKuruptios the Digger (level 7, -9/36 HPs)
             Began as a Gargoyle Earth Elementalist on Aug 5, 2016.
             Shot with an arrow by a centaur (10 damage)
             ... on level 5 of the Dungeon on Aug 8, 2016.
             The game lasted 00:35:30 (4594 turns).

DarthKuruptios the Digger (GrEE)                    Turns: 4594, Time: 00:35:31

Health: -9/36      AC:  7    Str: 12    XL:     7   Next: 52%
Magic:  0/13       EV: 13    Int: 20    God:
Gold:   119        SH:  0    Dex: 10    Spells: 3 memorised, 5 levels left

rFire  . . .     SeeInvis .     (no weapon)
rCold  . . .     Gourm    .     c - +1 robe
rNeg   + . .     Faith    .     (no shield)
rPois  ∞         Spirit   .     (no helmet)
rElec  +         Dismiss  .     (no cloak)
rCorr  .         Reflect  .     (no gloves)
SustAt .         Harm     .     (no boots)
MR     .....                    (no amulet)
Stlth  ++........               (no ring)
                                i - +3 ring of intelligence

@:
A: negative energy resistance 1, electricity resistance, unbreathing,
petrification resistance, rot immunity, AC +4
a: no special abilities


You were on level 5 of the Dungeon.
You were not hungry.

You visited 1 branch of the dungeon, and saw 5 of its levels.

You collected 119 gold pieces.

Inventory:

Hand Weapons
 o - a +0 whip
 q - a +0 dagger
Armour
 c - a +1 robe (worn)
Jewellery
 i - a +3 ring of intelligence (left hand)
 l - an uncursed ring of ice
Scrolls
 g - a scroll of identify
 j - 2 scrolls of enchant armour
 m - 2 scrolls of recharging
Potions
 a - a potion of mutation
 k - 2 potions of brilliance
Books
 e - a book of Geomancy

   Spells                             Type                      Level
   a - Sandblast                      Earth                        1
   b - Passwall                       Transmutation/Earth          2
   c - Stone Arrow                    Conjuration/Earth            3
   d - Petrify                        Transmutation/Earth          4
   e - Lee's Rapid Deconstruction     Earth                        5
Comestibles
 d - 5 bread rations
 f - a meat ration


   Skills:
 + Level 1.3 Maces & Flails
 + Level 3.1 Dodging
 - Level 3.3 Stealth
 * Level 4.2 Spellcasting
   Level 0.7 Transmutations
 * Level 7.1 Earth Magic


You had 5 spell levels left.
You knew the following spells:

 Your Spells              Type           Power        Failure   Level  Hunger
a - Sandblast             Erth           ####..       1%          1    None
b - Stone Arrow           Conj/Erth      ###...       10%         3    ###....
c - Lee's Rapid Deconstr  Erth           ####......   21%         5    ######.


Dungeon Overview and Level Annotations

Branches:
Dungeon (5/15)
 Temple: D:4-7

Altars:
Ashenzari
Makhleb
Xom
Zin

Annotations:
D:5 Pikel


Innate Abilities, Weirdness & Mutations

You are resistant to torment.
Your stone body is resilient. (AC +4)
You are immune to poison.
You resist negative energy. (rN+)
You are resistant to electric shocks. (rElec)
You can survive without breathing.
You are immune to petrification.
You are immune to rotting.


Message History

* * * LOW HITPOINT WARNING * * *
The centaur closely misses you.
The centaur wields an uncursed shortbow.
The centaur shoots an arrow.
The arrow hits you.
* * * LOW HITPOINT WARNING * * *
You see here an arrow.
Casting: Sandblast
Confirm with . or Enter, or press ? or * to list all spells.
Aiming: Sandblast
Press: ? - help, Shift-Dir - straight line, f/p - centaur
Aim: a centaur, wielding a shortbow (moderately wounded)
The blast of sand misses the centaur.
The centaur shoots an arrow.
The arrow barely misses you.
The jackal zombie bites you but does no damage.
Unknown command.
The centaur shoots an arrow.
The arrow barely misses you.
The jackal zombie bites you but does no damage.
The centaur shoots an arrow.
The arrow barely misses you.
The centaur shoots an arrow.
The arrow hits you!
You die...

...$.#.. ...>#.#
...#.# ..#.# #
#####.#.# .#
#.....c.##.##.
#.........
####.###((.......
#......@Z(....###
.....#.[#.#####
#.# #..#.#
....(.# #.((.###
####.# ..# ####


You could see a centaur and a jackal zombie.

Vanquished Creatures
  An ice beast (D:4)
  4 slaves (D:4)
  A phantom (D:4)
  Blork the orc (D:4)
  2 scorpions (D:4)
  A howler monkey (D:4)
  A hound (D:3)
  A centaur skeleton (D:4)
  A giant frog skeleton (D:4)
  A worker ant (D:4)
  4 adders
  2 gnolls (D:2)
  A howler monkey skeleton (D:4)
  An ooze (D:4)
  A worm (D:2)
  3 dart slugs (D:1)
  2 giant geckos (D:4)
  7 orcs
  4 giant cockroaches
  9 goblins
  6 hobgoblins
  7 kobolds
  3 quokkas
  9 bats
  3 giant newts
  4 rats
80 creatures vanquished.

Notes
Turn   | Place    | Note
-------+----------+-------------------------------------------
     0 | D:1      | DarthKuruptios the Gargoyle Earth Elementalist began the quest for the Orb.
     0 | D:1      | Reached XP level 1. HP: 10/10 MP: 3/3
   259 | D:1      | Reached skill level 4 in Earth Magic
   273 | D:1      | Reached XP level 2. HP: 13/15 MP: 0/5
   946 | D:1      | Reached XP level 3. HP: 19/19 MP: 4/6
   951 | D:1      | Learned a level 3 spell: Stone Arrow
  1130 | D:2      | Found a shattered altar of Ashenzari.
  1130 | D:2      | Found a glowing silver altar of Zin.
  1130 | D:2      | Found a burning altar of Makhleb.
  1355 | D:2      | Reached skill level 5 in Earth Magic
  1416 | D:2      | Reached XP level 4. HP: 24/24 MP: 4/7
  1464 | D:2      | Found a shimmering altar of Xom.
  1765 | D:2      | Upgraded the game from 0.19-a0-1073-g541410e to 0.19-a0-1077-g1ea189a
  2069 | D:2      | Upgraded the game from 0.19-a0-1077-g1ea189a to 0.19-a0-1099-g481dbaa
  2544 | D:4      | Noticed Blork the orc
  2561 | D:3      | Reached XP level 5. HP: 22/28 MP: 5/9
  2700 | D:4      | Killed Blork the orc
  2700 | D:4      | Reached XP level 6. HP: 32/32 MP: 7/10
  2740 | D:4      | Learned a level 5 spell: Lee's Rapid Deconstruction
  2784 | D:4      | Reached skill level 6 in Earth Magic
  3148 | D:4      | Noticed a phantom
  3415 | D:4      | Killed a phantom
  3415 | D:4      | Reached XP level 7. HP: 25/36 MP: 0/12
  3877 | D:4      | Reached skill level 1 in Maces & Flails
  3989 | D:5      | Entered Level 5 of the Dungeon
  3991 | D:5      | Noticed Pikel
  4292 | D:4      | Reached skill level 7 in Earth Magic
  4591 | D:5      | HP: 1/36 [centaur/arrow (3)]
  4594 | D:5      | Shot with an arrow by a centaur

Vault maps used:
D:1:      roderic_crop_circles_arrival_small, minmay_misc_feat_ornament
D:2:      tgw_xom, gammafunk_temple_overflow_forgotten
D:3:      lemuel_round_altar, old_standard_altar, uniq_terence
D:4:      minmay_wonky_spiral, first_bread, minmay_small_thing,
          uniq_blork_the_orc
D:5:      uniq_pikel

Skill      XL: |  1  2  3  4  5  6  7 |
---------------+----------------------+-----
Earth Magic    | 4 5 6 7 |  7.1
Dodging        | 2 3 |  3.1
Stealth        | 3 |  3.3
Spellcasting   | 3 4 |  4.2
Maces & Flails | 1 |  1.3
Transmutations | |  0.7

Action                   |  1- 3 |  4- 6 |  7- 9 || total
-------------------------+-------+-------+-------++-------
 Cast: Sandblast         |    41 |    62 |    70 ||   173
       Stone Arrow       |     1 |     8 |     5 ||    14
       Lee's Rapid Decon |       |     1 |       ||     1
  Use: Scroll            |       |     9 |     2 ||    11
       Potion            |       |       |     2 ||     2
  Eat: Chunk             |     2 |     7 |     3 ||    12
       Meat ration       |       |       |     1 ||     1
Armor: Robe              |     1 |     8 |    21 ||    30
Dodge: Dodged            |     5 |    15 |    44 ||    64
